 Dungeon Crawl Stone Soup version 0.29-a0-359-g541a27f54d (webtiles) character file.

Game seed: 8791658081785818911

178 siradein the Bolt Thrower (level 5, -8/30 HPs)
             Began as a Kobold Hunter on Apr 27, 2022.
             Was a Follower of Kikubaaqudgha.
             Mangled by Duvessa
             ... wielding a +3 short sword of speed
              (10 damage)
             ... on level 4 of the Dungeon.
             The game lasted 00:08:40 (4307 turns).

siradein the Bolt Thrower (Kobold Hunter)           Turns: 4307, Time: 00:08:41

Health: -8/30      AC:  4    Str: 14    XL:     5   Next: 89%
Magic:  5/5        EV: 15    Int: 11    God:    Kikubaaqudgha [*.....]
Gold:   151        SH:  0    Dex: 20    Spells: 1/4 levels left

rFire   . . .      SeeInvis .   a - +1 hand crossbow
rCold   . . .      Faith    .   (no shield)
rNeg    . . .      Spirit   .   b - +0 leather armour
rPois   .          Reflect  .   (no helmet)
rElec   .          Harm     .   x - +0 cloak
rCorr   +          Rampage  .   (no gloves)
Will    .....                   (no boots)
Stlth   +++.......              z - amulet of magic regeneration
HPRegen 0.10/turn               u - ring of resist corrosion
MPRegen 0.49/turn               w - +6 ring of strength

@: no status effects
A: small, no large weapons, nightstalker 3
a: Renounce Religion, Receive Corpses


You were on level 4 of the Dungeon.
You worshipped Kikubaaqudgha.
Kikubaaqudgha was aware of your devotion.
You visited 1 branch of the dungeon, and saw 4 of its levels.

You collected 151 gold pieces.

Inventory:

Hand Weapons
 a - a +1 hand crossbow (weapon)
Missiles
 j - 12 poisoned darts (quivered)
 v - 5 curare-tipped darts
Armour
 b - a +0 leather armour (worn)
 x - a +0 cloak (worn)
Jewellery
 u - a ring of resist corrosion (left hand)
 w - a +6 ring of strength (right hand)
 z - an amulet of magic regeneration (around neck)
Scrolls
 c - a scroll of immolation
 d - a scroll of enchant weapon {unknown}
 i - 3 scrolls of blinking
 k - a scroll of magic mapping {unknown}
 m - a scroll of enchant armour {unknown}
 q - a scroll of noise {unknown}
 r - a scroll of fog {unknown}
 s - a scroll of vulnerability {unknown}
 y - a scroll of summoning {unknown}
Potions
 e - 2 potions of attraction
 f - a potion of might
 h - a potion of magic {unknown}
 l - a potion of resistance {unknown}
 n - a potion of lignification {unknown}
 o - 2 potions of curing
 p - a potion of mutation {unknown}
 t - a potion of heal wounds {unknown}
 A - a potion of degeneration {unknown}


   Skills:
 - Level 2.1 Fighting
 + Level 7.9 Crossbows
 - Level 2.4 Dodging
 - Level 1.3 Stealth
 + Level 2.6 Necromancy


You had one spell level left.
You knew the following spells:

 Your Spells              Type           Power      Damage    Failure   Level
a - Vampiric Draining     Necr           5%         2d6       43%         3

Your spell library contained the following spells:

 Spells                   Type           Power      Damage    Failure   Level
 Animate Skeleton         Necr           10%        N/A       16%         1
 Sublimation of Blood     Necr           5%         N/A       24%         2
 Agony                    Necr           5%         N/A       99%         5


Dungeon Overview and Level Annotations

Branches:
Dungeon (4/15)
 Temple: D:4-7

Altars:
Kikubaaqudgha

Shops:
D:2 =   D:3 *

Annotations:
D:4 Dowan, Duvessa, Edmund


Innate Abilities, Weirdness & Mutations

You are small and have problems with some larger weapons.
You are completely attuned to the shadows.


Message History

You throw a curare-tipped dart. The curare-tipped dart hits Duvessa.
Duvessa is poisoned.
Duvessa convulses.
Duvessa seems to slow down.
Duvessa is lightly wounded.
Duvessa misses you.
Throw: 16 darts (poison)
Press: ? - help, Q - select action, (/) - cycle Shift-Dir - straight line, f/p - Duvessa
Aim: Duvessa, wielding a +3 short sword of speed and wearing a +0 ring mail (moderately wounded, very poisoned, slow, 70% to hit)
You throw a poisoned dart. The poisoned dart hits Duvessa.
Duvessa is moderately wounded.
Throw: 15 darts (poison)
Press: ? - help, Q - select action, (/) - cycle Shift-Dir - straight line, f/p - Duvessa
Aim: Duvessa, wielding a +3 short sword of speed and wearing a +0 ring mail (moderately wounded, very poisoned, slow, 70% to hit)
You throw a poisoned dart. The poisoned dart hits Duvessa.
Duvessa looks even sicker.
Duvessa is moderately wounded.
Duvessa misses you.
Throw: 14 darts (poison)
Press: ? - help, Q - select action, (/) - cycle Shift-Dir - straight line, f/p - Duvessa
Aim: Duvessa, wielding a +3 short sword of speed and wearing a +0 ring mail (moderately wounded, very poisoned, slow, 70% to hit)
You throw a poisoned dart. The poisoned dart hits Duvessa.
Duvessa is moderately wounded.
Dowan closely misses you. Duvessa closely misses you.
Throw: 13 darts (poison)
Press: ? - help, Q - select action, (/) - cycle Shift-Dir - straight line, f/p - Duvessa
Aim: Duvessa, wielding a +3 short sword of speed and wearing a +0 ring mail (moderately wounded, very poisoned, slow, 70% to hit)
You throw a poisoned dart. The poisoned dart hits Duvessa.
Duvessa looks as sick as possible!
Duvessa is moderately wounded.
Dowan gestures at Duvessa while chanting.
Duvessa seems to speed up.
Duvessa hits you with a +3 short sword of speed.
You shoot a bolt. The bolt closely misses Duvessa.
Dowan closely misses you.
Duvessa hits you with a +3 short sword of speed! x2
* * * LOW HITPOINT WARNING * * *
Dowan barely misses you.
Unknown command.
Duvessa hits you with a +3 short sword of speed!
You die...
Kikubaaqudgha rasps: "You have failed me!
Welcome... death!"

.##### #
....@#'##
....ee...
...
#.##.....
#... #
......
#...
###....
#... ....
.... ..!)
'###


You could see Duvessa (fast, extremely poisoned, slow) and Dowan.

Vanquished Creatures
  An orc wizard (D:3)
  4 gnolls (D:4)
  3 adders
  3 worms
  2 dart slugs
  7 orcs (D:3)
  4 ball pythons
  7 endoplasms
  A giant cockroach (D:2)
  4 goblins
  5 hobgoblins
  6 jackals (D:1)
  2 quokkas
  5 bats
  2 frilled lizards
  7 kobolds
  3 rats
66 creatures vanquished.

Notes
Turn   | Place    | Note
-------+----------+-------------------------------------------
     0 | D:1      | siradein the Kobold Hunter began the quest for the Orb.
     0 | D:1      | Reached XP level 1. HP: 12/12 MP: 1/1
    75 | D:1      | You fall into a shaft and drop 1 floor!
   150 | D:2      | Reached XP level 2. HP: 17/17 MP: 2/2
   161 | D:2      | Reached skill level 6 in Crossbows
   467 | D:2      | Found Mifew's Jewellery Shop.
   944 | D:1      | Reached XP level 3. HP: 21/21 MP: 3/3
  1543 | D:1      | Found a faded altar of an unknown god.
  1555 | D:1      | Prayed at the altar of an unknown god.
  1555 | D:1      | Became a worshipper of Kikubaaqudgha
  1555 | D:1      | Reached * piety under Kikubaaqudgha
  1555 | D:1      | Received a gift from Kikubaaqudgha
  2392 | D:3      | Reached skill level 7 in Crossbows
  2392 | D:3      | Reached XP level 4. HP: 26/26 MP: 4/4
  2632 | D:3      | Reached skill level 1 in Necromancy
  3008 | D:3      | Found Zetrid's Assorted Antiques.
  3147 | D:3      | Reached XP level 5. HP: 30/30 MP: 5/5
  3152 | D:3      | Learned a level 3 spell: Vampiric Draining
  3908 | D:4      | Noticed Dowan
  4248 | D:4      | Noticed Edmund
  4298 | D:4      | Noticed Duvessa
  4307 | D:4      | Mangled by Duvessa

Illustrated notes

Levels and vault maps discovered:
D:1:      minmay_arrival_wavy_path, layout_rooms,
          chequers_ecumenical_altar_simple, serial_co_window_serial,
          co_window_paths_b, co_window_paths_a, co_window_paths_a,
          co_window_cross_1, co_window_paths_a, co_window_corner_ca,
          co_window_unsneaky_path_c, co_window_unsneaky_path_a,
          co_window_broadway_b, co_window_broadway_b, co_window_cross_2,
          glass_columns_a, glass_columns_c, glass_columns_a, glass_columns_c,
          glass_columns_c
D:2:      layout_basic, serial_shops, nicolae_shop_waterfront
D:3:      layout_basic, serial_shops,
          nicolae_shop_temple_entry_statues_fountains
D:4:      layout_basic, uniq_edmund, uniq_duvessa

Skill      XL: |  1  2  3  4  5 |
---------------+----------------+-----
Crossbows      | 6 7 |  7.9
Necromancy     | 1 2 |  2.6
Fighting       | |  2.1
Dodging        | |  2.4
Stealth        | |  1.3

Action                   |  1- 3 |  4- 6 || total
-------------------------+-------+-------++-------
 Fire: Hand crossbow     |    92 |    79 ||   171
Throw: Dart              |     3 |     5 ||     8
  Use: Scroll            |       |     4 ||     4
Armor: Leather armour    |     3 |     4 ||     7
Dodge: Dodged            |    26 |    22 ||    48

Table legend: (Time is in decaauts)
 A = Elapsed time spent in this place.
 B = Non-inter-level travel time spent in this place.
 C = Inter-level travel time spent in this place.
 D = Time resting spent in this place.
 E = Time spent auto-exploring this place.
 F = Levels seen in this place.
 G = Mean time per level.
                   A        B        C        D        E       F      G
               +--------+--------+--------+--------+--------+-----+--------+
         Total |   4345 |   3999 |    346 |    100 |   3369 |   4 | 1086.2 |
       Dungeon |   4345 |   3999 |    346 |    100 |   3369 |   4 | 1086.2 |
               +--------+--------+--------+--------+--------+-----+--------+

Top non-repeatable levels by time:
     D:3: 1326 daAuts
     D:1: 1283 daAuts
     D:2: 1096 daAuts
     D:4: 639 daAuts
